 Dungeon Sprint DCSS version 0.31.0-12-g77e489cdc1 (webtiles) character file.

Game seed: 8697609122614844701

7 boopmooplesden the Twirler (level 1, -2/18 HPs)
             Began as a Minotaur Gladiator on Feb 12, 2024.
             Slain by a black bear (3 damage)
             ... in the Dungeon (Sprint IX: "|||||||||||||||||||||||||||||").
             The game lasted 00:00:08 (133 turns).

boopmooplesden the Twirler (Minotaur Gladiator)      Turns: 133, Time: 00:00:09

Health: -2/18      AC:  3    Str: 18    XL:     1   Next: 83%
Magic:  0/0        EV: 12    Int:  5    God:
Gold:   0          SH:  0    Dex: 11    Spells: 0/0 levels left

rFire   . . .        a - +0 quarterstaff
rCold   . . .        (shield currently unavailable)
rNeg    . . .        b - +0 leather armour
rPois   .            c - +0 hat
rElec   .            (no cloak)
rCorr   .            (no gloves)
SInv    .            (no boots)
Will    .....        (no amulet)
Stlth   +            (no ring)
HPRegen 0.23/turn    (no ring)
MPRegen 0.07/turn

%: no teleportation
@: no status effects
A: horns 2, retaliatory headbutt
a: no special abilities


You were in the Dungeon.
You visited 1 branch

Inventory:

Hand Weapons
 a - a +0 quarterstaff (weapon)
Missiles
 d - 3 throwing nets (quivered)
 e - a javelin
Armour
 b - a +0 leather armour (worn)
 c - a +0 hat (worn)
Scrolls
 k - a scroll of blinking
Potions
 f - a potion of curing
 g - a potion of heal wounds
 h - a potion of haste
 i - 2 potions of magic
 j - a potion of berserk rage


   Skills:
 + Level 2.8 Fighting
 + Level 4.6 Staves
 + Level 2.2 Throwing
 + Level 4.2 Dodging


You couldn't memorise any spells.
You didn't know any spells.
Your spell library was empty.

Dungeon Overview and Level Annotations

Branches:
Dungeon (1/1)

Altars:


Innate Abilities, Weirdness & Mutations

You have a pair of horns on your head.
You reflexively headbutt those who attack you in melee.


Message History

You headbutt the giant cockroach.
You kill the giant cockroach!
Things that are here:
a giant cockroach corpse; a dart slug corpse You start resting.
HP restored.
You start waiting.
Done waiting.
You open the door.
A black bear, 2 ufetubi, an iguana and a hound come into view.
The ufetubus shouts!
The black bear growls angrily.
The ufetubus shouts!
The iguana hisses angrily.
The hound barks!
You closely miss the ufetubus. The ufetubus hits you.
The ufetubus hits you but does no damage.
The hound stops to sniff the ground.
The ufetubus hits you. The ufetubus closely misses you.
You closely miss the ufetubus. Your headbutt misses the ufetubus.
The ufetubus hits you. x2
* * * LOW HITPOINT WARNING * * *
You hit the ufetubus but do no damage. The ufetubus misses you.
You furiously retaliate!
You headbutt the ufetubus, but do no damage.
The ufetubus barely misses you. The ufetubus slips past you!
The ufetubus hits you but does no damage.
The ufetubus closely misses you.
You barely miss the black bear. The ufetubus barely misses you.
The ufetubus hits you but does no damage.
The black bear bites you.
* * * LOW HITPOINT WARNING * * *
The black bear claws you.
* * * LOW HITPOINT WARNING * * *
The black bear claws you.
* * * LOW HITPOINT WARNING * * *
You closely miss the ufetubus. The ufetubus barely misses you.
The ufetubus hits you but does no damage.
The ufetubus hits you.
* * * LOW HITPOINT WARNING * * *
The ufetubus completely misses you. The black bear misses you.
The black bear barely misses you. The black bear claws you.
You die...

▓.▓
▓.▓
▓.▓
▓'▓
▓†▓
▓.▓
▓.▓
▓5▓
▓@▓
▓h▓
▓5▓
▓l▓
▓h▓
▓.▓
▓.▓
▓+▓


You could see a black bear, an iguana, a hound and 2 ufetubi.

Vanquished Creatures
  A dart slug (D)
  A giant cockroach (D)
  A hobgoblin (D)
  2 rats (D)
5 creatures vanquished.

Notes
Turn   | Place    | Note
-------+----------+-------------------------------------------
     0 | D        | boopmooplesden the Minotaur Gladiator began the quest for
                  | the Orb.
     0 | D        | Reached XP level 1. HP: 18/18 MP: 0/0
   128 | D        | Noticed a black bear
   128 | D        | Noticed an iguana
   128 | D        | Noticed a hound
   133 | D        | Slain by a black bear

Illustrated notes

Levels and vault maps discovered:
D:        linesprint [early_d, line_temple, items_1, d_10, items_2, lair_1,
          lair_end, items_3, orc_1, orc_end, items_4, d_15, swamp_1, shoals_1,
          snake_1, spider_1, d_20, vaults_1, items_5, swamp_end, shoals_end,
          snake_end, spider_end, vaults_end, d_27, items_6, zot_1, zot_end,
          crypt_end, forest_end, elf_end, slime_end, tomb_end, abyss_end,
          pan_hell_end]

Skill      XL: |  1 |
---------------+----+-----
Staves         | 4 |  4.6
Dodging        | 4 |  4.2
Fighting       | |  2.8
Throwing       | |  2.2

Action                     || total
---------------------------++-------
  Melee: Quarterstaff      ||    15
         Headbutt          ||     3
 Armour: Leather armour    ||    16
  Dodge: Dodged            ||    13
